 Dungeon Crawl Stone Soup version 0.23-a0-448-g1c01f63 (webtiles) character file.

210 nikopol the Firebug (level 5, -2/28 HPs)
             Began as a Deep Elf Fire Elementalist on Nov 20, 2018.
             Slain by a gnoll
             ... wielding a +0 halberd
              (10 damage)
             ... on level 3 of the Dungeon.
             The game lasted 00:07:47 (2834 turns).

nikopol the Firebug (Deep Elf Fire Elementalist)    Turns: 2834, Time: 00:07:48

Health: -2/28      AC:  3    Str:  5    XL:     5   Next: 56%
Magic:  14/14      EV: 13    Int: 21    God:
Gold:   129        SH:  0    Dex: 15    Spells: 3/13 levels left

rFire    . . .     SeeInvis .   l - +0 dagger
rCold    . . .     Gourm    .   (no shield)
rNeg     . . .     Faith    .   a - +1 robe
rPois    .         Spirit   .   (no helmet)
rElec    .         Reflect  .   (no cloak)
rCorr    .         Harm     .   (no gloves)
MR       .....                  (no boots)
Stlth    ++........             (no amulet)
HPRegen  0.09/turn              (no ring)
MPRegen  0.14/turn              (no ring)

@: no status effects
A: no striking features
a: no special abilities


You were on level 3 of the Dungeon.
You were not hungry.

You visited 1 branch of the dungeon, and saw 3 of its levels.

You collected 129 gold pieces.

Inventory:

Hand Weapons
 l - a +0 dagger (weapon)
Armour
 a - a +1 robe (worn)
Jewellery
 r - an uncursed amulet of magic regeneration {unknown}
Scrolls
 d - a scroll of identify
 j - 2 scrolls of noise
 k - a scroll of blinking {unknown}
 o - a scroll of enchant armour
 q - a scroll of fog
 t - a scroll of immolation {unknown}
Potions
 f - 3 potions of agility
 g - a potion of might {unknown}
 h - a potion of mutation {unknown}
 i - a potion of curing {unknown}
 m - a potion of cancellation {unknown}
 n - a potion of brilliance {unknown}
 p - a potion of flight {unknown}
Comestibles
 c - 8 rations
 s - 6 chunks of flesh


   Skills:
 + Level 0.3 Fighting
 + Level 2.7 Dodging
 + Level 3.1 Stealth
 + Level 4.8 Spellcasting
 + Level 2.8 Conjurations
 + Level 4.9 Fire Magic


You had 3 spell levels left.
You knew the following spells:

 Your Spells              Type           Power        Failure   Level  Hunger
a - Flame Tongue          Conj/Fire      ###..        2%          1    None
b - Throw Flame           Conj/Fire      ###...       3%          2    None
c - Conjure Flame         Conj/Fire      ###.....     7%          3    ##.....
d - Sticky Flame          Conj/Fire      ###.....     22%         4    ####...

Your spell library contained the following spells:

 Spells                   Type           Power        Failure   Level  Hunger
 Inner Flame              Hex/Fire       ###.....     12%         3    ##.....
 Fireball                 Conj/Fire      ###.......   52%         5    #####..


Dungeon Overview and Level Annotations

Branches:
Dungeon (3/15)

Altars:
Trog


Message History

The gnoll barely misses you. The gnoll shaman closely misses you.
As you read the scroll labeled EHOAXU LEIDITE, it crumbles to dust.
It is a scroll of enchant armour.
Your +0 robe glows green for a moment.
The gnoll hits you from afar with a +0 spear.
The gnoll barely misses you. The gnoll shaman closely misses you.
As you read the scroll labeled LIUNAD TUIH, it crumbles to dust.
The scroll dissolves into smoke.
It was a scroll of fog.
The gnoll hits you from afar with a +0 spear!
As you read the scroll labeled NIFICU ISUAMNO, it crumbles to dust.
You feel aware of your surroundings.
It was a scroll of magic mapping.
The gnoll completely misses you.
The gnoll shaman invokes the aid of its god against you.
You resist with some effort. The gnoll closely misses you.
As you read the scroll labeled PEXTU XIFU, it crumbles to dust.
You feel blessed for a moment.
It was a scroll of remove curse.
The gnoll shaman hits you with a +0 club.
* * * LOW HITPOINT WARNING * * *
The gnoll hits you from afar with a +0 halberd!
You die...

######****** #..>.........#
,****,,,,,,* #............#
,,,,,,,,,,,* #............#
,,,,,,,,,,,* #####.......(....#
,,,,,,,,,,,* #................#
,,,,,,,,**** #................#
,,,,,,,** #.§§§§...........#
******** ###§§§...........#
#@##############
################g################
...............ggg...............
≈≈≈≈≈≈≈≈≈≈≈≈≈≈.Ogg≈≈≈≈≈≈≈≈≈≈≈≈≈≈≈
≈≈≈≈≈≈≈≈≈≈≈≈≈≈.gg.≈≈≈≈≈≈≈≈≈≈≈≈≈≈≈
##≈≈≈≈≈≈≈≈≈≈≈≈.g.g≈≈≈≈≈≈≈≈≈≈≈≈###
.#..............gg............#gg
.#############''''#############..
g#,,*,,******#....#######,,,,,#+#


You could see a gnoll shaman and 3 gnolls.

Vanquished Creatures
  A hound (D:3)
  6 gnolls
  3 adders (D:2)
  2 oozes (D:1)
  3 worms (D:2)
  A dart slug (D:1)
  A leopard gecko (D:1)
  2 giant cockroaches
  3 goblins
  6 hobgoblins
  14 jackals (D:3)
  4 kobolds
  2 quokkas (D:2)
  14 bats
  A frilled lizard (D:2)
  12 rats
75 creatures vanquished.

Notes
Turn   | Place    | Note
-------+----------+-------------------------------------------
     0 | D:1      | nikopol the Deep Elf Fire Elementalist began the quest for
                  | the Orb.
     0 | D:1      | Reached XP level 1. HP: 10/10 MP: 6/6
   112 | D:1      | Reached XP level 2. HP: 15/15 MP: 4/8
   667 | D:2      | Reached XP level 3. HP: 19/19 MP: 5/9
   671 | D:2      | Learned a level 2 spell: Throw Flame
   675 | D:2      | Learned a level 3 spell: Conjure Flame
  1061 | D:2      | Reached XP level 4. HP: 21/24 MP: 8/12
  1294 | D:2      | Noticed a moth of wrath
  1297 | D:2      | Found a bloodstained altar of Trog.
  1707 | D:2      | Learned a level 4 spell: Sticky Flame
  2101 | D:3      | Reached XP level 5. HP: 17/28 MP: 7/13
  2818 | D:3      | Noticed an ogre
  2834 | D:3      | Slain by a gnoll

Vault maps used:
D:1:      psy_arrival_fountain, chequers_garden
D:2:      tgw_trog, minmay_misc_feat_more_columns, minmay_cupped
D:3:      lemuel_castle_with_subvaults

Skill      XL: |  1  2  3 |
---------------+----------+-----
Fire Magic     | 4 |  4.9
Spellcasting   | 4 |  4.8
Stealth        | 3 |  3.1
Conjurations   | 2 |  2.8
Fighting       | |  0.3
Dodging        | |  2.7

Action                   |  1- 3 |  4- 6 || total
-------------------------+-------+-------++-------
 Cast: Flame Tongue      |    60 |    92 ||   152
       Throw Flame       |       |     3 ||     3
  Use: Scroll            |       |     6 ||     6
  Eat: Chunk             |       |     2 ||     2
       Ration            |       |     1 ||     1
Armor: Robe              |     2 |    14 ||    16
Dodge: Dodged            |    10 |    57 ||    67

Table legend:
 A = Non-vault XP
 B = Vault XP
 C = Vault XP percentage of total XP
 D = Non-vault monster count
 E = Vault monster count
 F = Vault count percentage of total count
                 A         B        C        D         E       F
            +---------+---------+-------+---------+---------+-------
      Total |     231 |      69 |  23.0 |      52 |      23 |  30.7
            +---------+---------+-------+---------+---------+-------
        D:1 |      40 |       0 |   0.0 |      17 |       0 |   0.0
        D:2 |     138 |      12 |   8.0 |      27 |       7 |  20.6
        D:3 |      53 |      57 |  51.8 |       8 |      16 |  66.7
            +---------+---------+-------+---------+---------+-------
